 Dungeon Crawl Stone Soup version 0.24-a0-509-ga1643a6788 (webtiles) character file.

Game seed: 2590878599321911014

14681 KristoblXynda the Cleaver (level 11, -4/120 HPs)
             Began as a Pale Draconian Skald on July 19, 2019.
             Was an Initiate of Gozag.
             Engulfed by a cloud of freezing vapour (9 damage)
             ... in an ice cave.
             The game lasted 00:21:11 (14597 turns).

KristoblXynda the Cleaver (Pale Draconian Skald)   Turns: 14597, Time: 00:21:11

Health: -4/120     AC: 25    Str: 19    XL:     11   Next: 91%
Magic:  12/18      EV:  2    Int: 16    God:    Gozag
Gold:   1657       SH:  0    Dex: 11    Spells: 9/14 levels left

rFire    . . .     SeeInvis .   y - +3 hand axe
rCold    + . .     Gourm    .   (no shield)
rNeg     + + +     Faith    .   (armour unavailable)
rPois    +         Spirit   .   (helmet currently unavailable)
rElec    .         Reflect  .   (cloak currently unavailable)
rCorr    .         Harm     .   (gloves currently unavailable)
MR       .....     NoTele   +   (boots currently unavailable)
Stlth    +.........             (no amulet)
HPRegen  1.30/turn              n - ring of protection from cold
MPRegen  0.16/turn              u - ring of positive energy

@: mighty, tree-form (expiring), gold aura, regenerating
A: (breathe steam), unfitting armour, AC +7
a: Potion Petition, Call Merchant, Bribe Branch, Renounce Religion


You were in an ice cave.
You worshipped Gozag.
Gozag was most pleased with you.
You were hungry.
You were a tree.
You visited 2 branches of the dungeon, and saw 12 of its levels.
You also visited: Ice Cave.

You collected 1854 gold pieces.
You spent 156 gold pieces at shops.
You paid 41 gold pieces to Gozag.

Inventory:

Hand Weapons
 s - a +1 whip of electrocution
 y - a +3 hand axe (weapon)
Missiles
 i - a throwing net (quivered)
Armour
 d - a +1 pair of boots (melded)
 l - a +0 cloak
 m - a +1 pair of gloves (melded)
 A - a scarf of resistance (melded)
Jewellery
 n - a ring of protection from cold (left branch)
 u - a ring of positive energy (right branch)
Wands
 k - a wand of paralysis (14)
 x - a wand of iceblast (1)
Scrolls
 f - 4 scrolls of remove curse
 g - a scroll of blinking
 h - 2 scrolls of enchant armour
 p - a scroll of enchant weapon
 r - a scroll of brand weapon
 v - 3 scrolls of teleportation
 C - a scroll of fear
Potions
 a - a potion of ambrosia {unknown}
 b - 3 potions of flight {unknown}
 e - a potion of magic
 j - 5 potions of agility
 o - 2 potions of lignification
 q - 3 potions of mutation
 t - a potion of cancellation
 w - 3 potions of might
 z - 3 potions of curing
 B - a potion of berserk rage {unknown}
Comestibles
 c - 2 rations


   Skills:
 + Level 2.4 Fighting
 + Level 10.5 Axes
 + Level 9.3 Dodging
 - Level 2.0 Spellcasting
 + Level 9.4 Charms
 - Level 10.0 Evocations


You had 9 spell levels left.
You knew the following spells:

 Your Spells              Type           Power        Failure   Level  Hunger
b - Regeneration          Chrm/Necr      ###.......   9%          3    ###....
c - Song of Slaying       Chrm           ####....     1%          2    ###....

Your spell library contained the following spells:

 Spells                   Type           Power        Failure   Level  Hunger
 Infusion                 Chrm           ####         1%          1    #......
 Shroud of Golubria       Chrm/Tloc      ###...       4%          2    ###....
 Spectral Weapon          Hex/Chrm       ###.....     9%          3    ###....


Dungeon Overview and Level Annotations

Branches:
Dungeon (11/15)            Temple (1/1) D:4            Lair (0/6) D:9
    Orc (0/2) D:9

Altars:
Ashenzari
Cheibriados
Dithmenos
Elyvilon
Fedhas
Gozag
Hepliaklqana
Kikubaaqudgha
Makhleb
Nemelex Xobeh
Okawaru
Qazlal
Ru
Sif Muna
Trog
Uskayaw
Vehumet
Wu Jian
Xom
Yredelemnul
Zin
The Shining One

Shops:
D:9 *

Annotations:
D:9 1 runed translucent door


Innate Abilities, Weirdness & Mutations

((You can breathe blasts of scalding, opaque steam.))
((Your pale cyan-grey scales are hard. (AC +7)))
You cannot fit into any form of body armour.
((You are cold-blooded and may be slowed by cold attacks.))


Message History

The shard of ice hits you.
* * * LOW HITPOINT WARNING * * *
The ice beast hits you but does no damage.
You slash the ice statue!
You destroy the ice statue!
The ice beast disappears in a puff of smoke! x2
You are engulfed in freezing vapours.
You resist.
Unknown command.
You're standing in a cloud of freezing vapour!
You're standing in a cloud of freezing vapour!
You're standing in a cloud of freezing vapour!
Unknown command.
You are engulfed in freezing vapours.
You resist.
* * * LOW HITPOINT WARNING * * *
Unknown command.
Casting: Regeneration (safe; 9% risk of failure)
Confirm with . or Enter, or press ? or * to list all spells.
Your skin crawls.
You are engulfed in freezing vapours.
You resist.
You die...
Your body crumbles into a pile of gold.

##.#....#.##≈≈##..##
#.#
##..........##≈≈##..#
#..
##............#...#..#
##.
##.....#○.......##...##
##
#......°###.......####
#. #.......#######..##
##. ##.......°## ####
#.. ###......°### ##.#
###...°°§♣# #.#.
###.○°$## ##.. #.○###
##≈ #..## ≈≈ ...## ≈≈
..## ≈≈# ### ≈# ##


There were no monsters in sight!

Vanquished Creatures
  Josephine (D:11)
  Harold (D:8)
  A two-headed ogre (D:7)
  Urug (D:11)
  Sonja (D:11)
  2 unseen horrors (D:10)
  Pikel (D:6)
  An ice statue (IceCv)
  8 polar bears (IceCv)
  A hippogriff (D:10)
  Sigmund (D:6)
  A shadow (D:11)
  A spriggan (D:7)
  4 wraiths (D:11)
  13 yaks
  A hungry ghost (D:9)
  3 wargs (D:9)
  A soldier ant (D:9)
  Menkaure (D:6)
  3 slaves (D:6)
  2 ice beasts
  A phantom (D:10)
  3 sky beasts
  6 necrophages (D:8)
  4 ogres
  4 wolves (IceCv)
  4 centaurs
  A bullfrog (D:9)
  4 scorpions
  A water moccasin skeleton (D:9)
  6 killer bees
  5 howler monkeys
  6 crimson imps
  A bullfrog zombie (D:10)
  2 jellies
  An orc priest (D:9)
  5 hounds
  3 centaur skeletons
  Crazy Yiuf (D:5)
  Jessica (D:2)
  6 orc wizards
  3 iguanas
  10 worker ants
  A killer bee zombie (D:5)
  2 worker ant zombies
  10 gnolls
  9 adders
  An ooze (D:2)
  4 worms
  A dart slug (D:3)
  5 leopard geckos
  22 orcs
  A ball python (D:1)
  4 giant cockroaches
  5 goblins
  4 hobgoblins
  4 jackals
  5 kobolds
  5 quokkas
  7 bats
  8 frilled lizards
  A jackal zombie (D:8)
  2 quokka skeletons
  3 rats
  4 bushes (D:8)
  3 butterflies (D:9)
238 creatures vanquished.

Vanquished Creatures (others)
  A plant (D:8)
1 creature vanquished.

Grand Total: 239 creatures vanquished

Notes
Turn   | Place    | Note
-------+----------+-------------------------------------------
     0 | D:1      | KristoblXynda the Draconian Skald began the quest for the
                  | Orb.
     0 | D:1      | Reached XP level 1. HP: 17/17 MP: 3/3
   695 | D:1      | Reached XP level 2. HP: 22/24 MP: 5/5
   932 | D:2      | Noticed Jessica
   943 | D:2      | Killed Jessica
   943 | D:2      | Reached XP level 3. HP: 22/29 MP: 6/6
  1132 | D:2      | Reached XP level 4. HP: 21/36 MP: 7/7
  1952 | D:2      | Learned a level 3 spell: Regeneration
  2088 | D:3      | Reached XP level 5. HP: 22/41 MP: 8/8
  3544 | D:4      | Found a snail-covered altar of Cheibriados.
  3556 | D:4      | Found a glowing golden altar of the Shining One.
  3594 | D:4      | Found a staircase to the Ecumenical Temple.
  3615 | Temple   | Entered the Ecumenical Temple
  3813 | Temple   | Became a worshipper of Gozag Ym Sagoz the Greedy
  4077 | D:4      | Noticed an ogre
  4099 | D:4      | Killed an ogre
  4099 | D:4      | Reached skill level 5 in Axes
  4099 | D:4      | Reached XP level 6. HP: 48/48 MP: 4/9
  4479 | D:5      | Entered Level 5 of the Dungeon
  4504 | D:5      | Learned a level 2 spell: Song of Slaying
  4560 | D:5      | Reached skill level 1 in Evocations
  4747 | D:5      | Your scales start taking on a pale cyan-grey colour.
  4747 | D:5      | Reached XP level 7. HP: 47/55 MP: 10/10
  5936 | D:5      | Found a runed translucent door.
  5937 | D:5      | Noticed Crazy Yiuf
  5983 | D:5      | HP: 2/55 [Crazy Yiuf/+4 quarterstaff of chaos (8)]
  5987 | D:5      | Killed Crazy Yiuf
  6430 | D:6      | Noticed Sigmund
  6442 | D:6      | Killed Sigmund
  6442 | D:6      | Reached skill level 5 in Charms
  6442 | D:6      | Reached XP level 8. HP: 52/61 MP: 8/11
  6589 | D:6      | Noticed Pikel
  6634 | D:6      | Killed Pikel
  6634 | D:6      | Reached skill level 5 in Dodging
  6728 | D:6      | Noticed Menkaure
  6735 | D:6      | Killed Menkaure
  7405 | D:7      | Found a radiant altar of Vehumet.
  7421 | D:7      | Noticed a two-headed ogre
  7438 | D:7      | Reached skill level 5 in Evocations
  7449 | D:7      | Killed a two-headed ogre
  7449 | D:7      | Reached XP level 9. HP: 53/67 MP: 11/13
  8920 | D:8      | Noticed Harold
  8932 | D:8      | Killed Harold
  8932 | D:8      | Reached XP level 10. HP: 70/73 MP: 13/15
  9054 | D:8      | Found a shadowy altar of Dithmenos.
  9062 | D:8      | Found a shattered altar of Ashenzari.
  9062 | D:8      | Found a shimmering altar of Xom.
  9064 | D:8      | Found an iron altar of Okawaru.
  9065 | D:8      | Found a burning altar of Makhleb.
  9192 | D:8      | Found a blossoming altar of Fedhas.
  9590 | D:9      | Found a staircase to the Orcish Mines.
  9996 | D:9      | Found a runed translucent door.
 10570 | D:9      | Found a staircase to the Lair.
 10641 | D:9      | Found Ziud's Assorted Antiques.
 10647 | D:9      | Bought a scroll of identify for 52 gold pieces
 10647 | D:9      | Bought a potion of curing for 78 gold pieces
 10647 | D:9      | Bought a scroll labeled XABOPI ZUTIUPH for 26 gold pieces
 11092 | D:9      | Found a runed translucent door.
 11278 | D:10     | Entered Level 10 of the Dungeon
 11350 | D:10     | Killed an unseen horror
 11850 | D:10     | Reached XP level 11. HP: 62/78 MP: 17/17
 12490 | D:10     | Killed an unseen horror
 13197 | D:11     | Noticed Sonja
 13205 | D:11     | Killed Sonja
 13231 | D:11     | Noticed Urug
 13255 | D:11     | Noticed Josephine
 13264 | D:11     | Killed Urug
 13264 | D:11     | Killed Josephine
 13264 | D:11     | Reached skill level 10 in Axes
 13362 | D:11     | Found a frozen archway.
 13375 | IceCv    | Entered an ice cave
 14007 | IceCv    | Reached skill level 10 in Evocations
 14596 | IceCv    | HP: 4/120 [something (13)]
 14597 | IceCv    | Engulfed by a cloud of freezing vapour

Levels and vault maps discovered:
D:1:      lemuel_arrival_river_bridge, layout_basic, grunt_decor_one_mirror,
          nrook_mini_vaults
D:2:      layout_rooms, uniq_jessica
D:3:      layout_basic, first_ration
D:4:      layout_basic, tso_oasis_becter, cheibriados_altar_1,
          minmay_temple_entry_junction_2, wad_orctagon
D:5:      layout_loops_ring, uniq_crazy_yiuf_cottage
D:6:      layout_gridville, due_unseen_surprise, uniq_menkaure, uniq_sigmund,
          uniq_pikel
D:7:      layout_layer_cave, vehumet_crystals, the_bakery
D:8:      layout_loops_ring, minitemple, fedhas_altar_decomposition, uniq_harold
D:9:      lemuel_insect_pit, layout_irregular_city, erik_lair_orcish_takeover,
          serial_shops, shop
D:10:     layout_irregular_city
D:11:     layout_basic, portal_ice_cave_entry_pillars_2,
          kennysheep_generic_room_2, uniq_sonja, uniq_urug, uniq_josephine
Temple:   cyrus_circular_temple
IceCv:    ice_cave_small_giant

Skill      XL: |  1  2  3  4  5  6  7  8  9 10 11 |
---------------+----------------------------------+-----
Axes           | 3 5 6 7 8 9 10 | 10.5
Charms         | 3 4 5 6 7 8 9 |  9.4
Dodging        | 3 4 6 8 9 |  9.3
Evocations     | 1 3 5 6 8 10 | 10.0
Fighting       | |  2.4
Spellcasting   | |  2.0

Action                   |  1- 3 |  4- 6 |  7- 9 | 10-12 || total
-------------------------+-------+-------+-------+-------++-------
Melee: Hand axe          |    95 |   289 |   249 |   484 ||  1117
       Tailslap          |     8 |    36 |    30 |    71 ||   145
 Cast: Infusion          |       |     4 |     6 |       ||    10
       Regeneration      |       |       |       |     6 ||     6
 Abil: Breathe Steam     |       |       |    16 |    33 ||    49
Evoke: Wand              |       |     1 |     4 |    18 ||    23
  Use: Scroll            |     2 |     4 |     9 |     7 ||    22
       Potion            |       |     1 |       |     4 ||     5
 Stab: Paralysed         |       |     5 |     5 |    44 ||    54
  Eat: Chunk             |     1 |     8 |       |       ||     9
       Ration            |       |     1 |     5 |     7 ||    13
Armor: Skin              |    70 |    93 |    75 |   141 ||   379
Dodge: Dodged            |   101 |   222 |   147 |   274 ||   744

Table legend:
 A = Non-vault XP
 B = Vault XP
 C = Vault XP percentage of total XP
 D = Non-vault monster count
 E = Vault monster count
 F = Vault count percentage of total count
                 A         B        C        D         E       F
            +---------+---------+-------+---------+---------+-------
      Total |    9326 |   11647 |  55.5 |     168 |      60 |  26.3
            +---------+---------+-------+---------+---------+-------
        D:1 |      18 |       0 |   0.0 |      12 |       0 |   0.0
        D:2 |     124 |      37 |  23.0 |      27 |       1 |   3.6
        D:3 |      51 |       0 |   0.0 |      16 |       0 |   0.0
        D:4 |     327 |      12 |   3.5 |      11 |       4 |  26.7
        D:5 |     684 |      39 |   5.4 |      19 |       1 |   5.0
        D:6 |     311 |    1021 |  76.7 |       8 |       3 |  27.3
        D:7 |    1389 |     211 |  13.2 |      11 |       1 |   8.3
        D:8 |     575 |    1583 |  73.4 |      12 |       7 |  36.8
        D:9 |    1672 |    1233 |  42.4 |      21 |      20 |  48.8
       D:10 |    2969 |       0 |   0.0 |      20 |       0 |   0.0
       D:11 |    1206 |    3576 |  74.8 |      11 |       7 |  38.9
      IceCv |       0 |    3935 | 100.0 |       0 |      16 | 100.0
            +---------+---------+-------+---------+---------+-------
